[Event "Titled Tuesday Blitz November 14 Late 2023"]
[White "Vila Dupla, Aurelio"]
[Black "Harish, Neeraj"]
[WhiteFideId "2203383"]
[BlackFideId "30958130"]
[WhiteElo "2203"]
[BlackElo "2309"]
[Result "1/2-1/2"]
[Round "11"]
[TimeControl "180+1"]
[Date "2023.11.14"]
[WhiteClock "0:00:21"]
[BlackClock "0:01:16"]
[Board "78"]

1. Nf3 d5 2. d4 Nf6 3. c4 e6 4. cxd5 exd5 5. Nc3 Be7 6. Qc2 O-O 7. Bg5 c6 8. e3 h6 9. Bh4 Ne8 10. Bxe7 Qxe7 11. Bd3 Nd6 12. O-O Nd7 13. h3 Nf6 14. b4 Re8 15. b5 cxb5 16. Nxb5 Nxb5 17. Bxb5 Bd7 18. Bxd7 Nxd7 19. Qb3 Nb6 20. Rab1 Rab8 21. Ne5 Rbc8 22. Rfc1 Qe6 23. Qa3 Rxc1+ 24. Rxc1 Rc8 25. Rxc8+ Qxc8 26. Qxa7 Nc4 27. Nd3 Qc6 28. Qc5 Qa4 29. Kh2 Qxa2 30. Qxd5 Qc2 31. Nf4 Nd2 32. Qxb7 Nf1+ 33. Kg1 Qd1 34. Qc8+ Kh7 35. Qf5+ Kg8 36. Qc8+ Kh7 37. Qf5+ Kg8 38. Qc8+ 1/2-1/2


[Site "https://www.chess.com"]

[Event "Titled Tuesday Blitz November 14 Late 2023"]
[White "Mariia89"]
[Black "Cardozo Munar, Carlos Eduardo"]
[BlackFideId "4409477"]
[WhiteElo "2170"]
[BlackElo "2284"]
[Result "0-1"]
[Round "11"]
[TimeControl "180+1"]
[Date "2023.11.14"]
[WhiteClock "0:00:00"]
[BlackClock "0:00:28"]
[Board "79"]

1. d4 d5 2. c4 e5 3. dxe5 d4 4. Nf3 Nc6 5. g3 Nge7 6. Bg2 Ng6 7. O-O Bg4 8. Bg5 Qd7 9. Nbd2 h6 10. Bf4 O-O-O 11. Qa4 Nge7 12. Rfd1 g5 13. Nxd4 gxf4 14. Nxc6 Nxc6 15. Ne4 Qe7 16. Rxd8+ Kxd8 17. Rd1+ Kc8 18. Nf6 f3 19. exf3 Be6 20. f4 Qc5 21. Bd5 Be7 22. Ne4 Qb4 23. Bxc6 bxc6 24. Qxc6 Qb7 25. Qxb7+ Kxb7 26. b3 h5 27. h4 Rg8 28. Kf1 Bg4 29. Rc1 Rd8 30. Ke1 Bb4+ 31. Kf1 Bf3 0-1


[Site "https://www.chess.com"]

[Event "Titled Tuesday Blitz November 14 Late 2023"]
[White "Smirnov, Timofey"]
[Black "Lock, Gavin R"]
[WhiteFideId "24176427"]
[BlackFideId "408646"]
[WhiteElo "2118"]
[BlackElo "2261"]
[Result "0-1"]
[Round "11"]
[TimeControl "180+1"]
[Date "2023.11.14"]
[WhiteClock "0:00:00"]
[BlackClock "0:00:01"]
[Board "80"]

1. d4 d5 2. Bf4 Nf6 3. e3 e6 4. Nd2 Bd6 5. Bg3 O-O 6. Ngf3 c5 7. c3 Qc7 8. dxc5 Qxc5 9. Nb3 Qc7 10. Bd3 Nbd7 11. O-O Bxg3 12. hxg3 b6 13. Nfd4 Nc5 14. Bc2 Bb7 15. Nb5 Qe7 16. a4 a6 17. N5d4 g6 18. Nf3 e5 19. a5 Nxb3 20. Bxb3 b5 21. Qd2 Rfd8 22. Rfd1 Kg7 23. Qe2 Rac8 24. Bc2 Re8 25. Qd2 Red8 26. Qe2 Qc7 27. Bb3 Re8 28. Rd2 Ne4 29. Rc2 Nc5 30. Ba2 Rcd8 31. Rd1 e4 32. Nd4 Nd3 33. Rxd3 exd3 34. Qxd3 Qxa5 35. Bb3 Qb6 36. f4 Qf6 37. g4 Qe7 38. Re2 Qe4 39. Qd2 Bc8 40. g5 Bg4 41. Rf2 Qxe3 42. Qxe3 Rxe3 43. Kh2 h6 44. gxh6+ Kxh6 45. f5 Kg7 46. fxg6 Rh8+ 47. Kg1 Re1+ 48. Rf1 Rxf1+ 49. Kxf1 fxg6 50. Kf2 Kf6 51. Bxd5 Bd7 52. Bb3 Re8 53. g3 a5 54. Bc2 Rh8 55. Kg1 b4 56. cxb4 axb4 57. b3 Rc8 58. Bd3 Rc3 59. Bc4 Rc1+ 60. Kf2 Rb1 61. Ke3 Rg1 62. Kf2 Rb1 63. Ne2 Rb2 64. Ke3 g5 65. Nd4 Bg4 66. Nc6 Rg2 67. Nd4 Rxg3+ 68. Kf2 Rc3 69. Ne2 Rc2 0-1


[Site "https://www.chess.com"]

[Event "Titled Tuesday Blitz November 14 Late 2023"]
[White "DAVIDHDZSTS"]
[Black "Rodriguez Dominguez, Melissa"]
[BlackFideId "3517560"]
[WhiteElo "1897"]
[BlackElo "2237"]
[Result "1/2-1/2"]
[Round "11"]
[TimeControl "180+1"]
[Date "2023.11.14"]
[WhiteClock "0:00:05"]
[BlackClock "0:00:16"]
[Board "81"]

1. d4 d5 2. Nc3 Nf6 3. Bf4 c5 4. e4 dxe4 5. dxc5 Qxd1+ 6. Rxd1 a6 7. Nge2 Nbd7 8. b4 e5 9. Be3 Be7 10. Ng3 O-O 11. Nf5 Bd8 12. Nd6 a5 13. b5 b6 14. c6 Nc5 15. Bxc5 bxc5 16. Nxc8 Rxc8 17. Bc4 a4 18. O-O Ba5 19. Nxa4 Bb4 20. Nb6 Rb8 21. Nd7 Nxd7 22. cxd7 Rfd8 23. a4 Kf8 24. Rd5 f6 25. Rfd1 Rb7 26. Rd6 Bc3 27. Rc6 Rbxd7 28. Rxd7 Rxd7 29. h3 Bb4 30. b6 Rb7 31. Rc8+ Ke7 32. Rc7+ Rxc7 33. bxc7 Kd7 34. Bb5+ Kxc7 35. Kf1 Kd6 36. Ke2 Kd5 37. c4+ Kd4 38. g3 f5 39. h4 f4 40. gxf4 exf4 41. f3 exf3+ 42. Kxf3 Ke5 43. Bc6 g6 44. Be4 Bd2 45. Bc6 h6 46. Bd5 g5 47. hxg5 hxg5 48. Bb7 Kf5 49. Bc8+ Ke5 50. Bb7 Kd4 51. Bd5 Ke5 52. Bb7 1/2-1/2


[Site "https://www.chess.com"]

[Event "Titled Tuesday Blitz November 14 Late 2023"]
[White "Ghosh, Chanchal Kumer"]
[Black "RodokininEV"]
[WhiteFideId "10201858"]
[WhiteElo "2174"]
[BlackElo "2474"]
[Result "1-0"]
[Round "11"]
[TimeControl "180+1"]
[Date "2023.11.14"]
[WhiteClock "0:01:48"]
[BlackClock "0:02:02"]
[Board "82"]

1. e4 c5 2. Nf3 Nc6 3. d4 cxd4 4. Nxd4 Nf6 5. Nxc6 dxc6 6. Bd3 e5 7. h3 Bc5 8. O-O O-O 9. Bg5 Be7 10. Nd2 b5 11. a4 Qb6 12. Qe2 Bd7 13. Kh1 a6 14. f4 h6 15. fxe5 hxg5 16. exf6 Bxf6 17. e5 Bd8 18. Qh5 g6 19. Bxg6 fxg6 20. Qxg6+ 1-0


[Site "https://www.chess.com"]

[Event "Titled Tuesday Blitz November 14 Late 2023"]
[White "Oliveira, Tiago Batista"]
[Black "topce"]
[WhiteFideId "2108291"]
[WhiteElo "2069"]
[BlackElo "2467"]
[Result "1-0"]
[Round "11"]
[TimeControl "180+1"]
[Date "2023.11.14"]
[WhiteClock "0:00:33"]
[BlackClock "0:00:00"]
[Board "83"]

1. d4 Nf6 2. c4 e6 3. Nf3 c5 4. g3 cxd4 5. Bg2 e5 6. O-O Nc6 7. e3 dxe3 8. Bxe3 d6 9. Nc3 Be7 10. a3 Be6 11. Qe2 O-O 12. Rfd1 Rc8 13. Rac1 Qa5 14. Nb5 Rfd8 15. b4 Qa4 16. Qb2 Nb8 17. Nxa7 Rxc4 18. Bf1 Rxc1 19. Rxc1 Qb3 20. Qxb3 Bxb3 21. Rc7 Bf8 22. Rxb7 d5 23. Nxe5 d4 24. Bxd4 Rxd4 25. Rxb8 Rd1 26. Kg2 g6 27. Bc4 Bxc4 28. Nxc4 Rd4 29. Ne5 Kg7 30. Nac6 Rd2 31. Kf3 Bd6 32. Rd8 h5 33. Nc4 Ng4 34. Nxd2 Bc7 35. Rd7 Bb6 36. Ne4 Nxh2+ 37. Kg2 Ng4 38. f3 Ne3+ 39. Kh1 Nc4 40. Rb7 Be3 41. b5 g5 42. Nd8 Kg6 43. Nxf7 h4 44. Nfd6 Nxd6 45. Nxd6 hxg3 46. Kg2 Bf2 47. Ne4 Be1 48. Nxg3 Bc3 49. Ne4 Bb2 50. a4 Bd4 51. a5 Kf5 52. a6 g4 53. a7 Bxa7 54. Rxa7 Kf4 55. Rf7+ Ke3 56. b6 gxf3+ 57. Rxf3+ Kxe4 58. b7 Kd5 59. b8=Q Kc6 60. Qe8+ Kb7 61. Rd3 1-0


[Site "https://www.chess.com"]

[Event "Titled Tuesday Blitz November 14 Late 2023"]
[White "Floresvillar Gonzalez, Luis Migu"]
[Black "tandercat"]
[WhiteFideId "5100542"]
[WhiteElo "2207"]
[BlackElo "2045"]
[Result "0-1"]
[Round "11"]
[TimeControl "180+1"]
[Date "2023.11.14"]
[WhiteClock "0:00:00"]
[BlackClock "0:00:19"]
[Board "84"]

1. e4 c5 2. Nf3 Nc6 3. d4 cxd4 4. Nxd4 e5 5. Nf3 Nf6 6. Bg5 h6 7. Bxf6 Qxf6 8. c4 Bb4+ 9. Nfd2 O-O 10. a3 Bc5 11. Nf3 Nd4 12. Nxd4 Bxd4 13. Qc2 Qg6 14. Nc3 d6 15. Nd5 Kh8 16. g3 Be6 17. Bg2 Bxd5 18. cxd5 Rfc8 19. Qb3 Rc7 20. O-O Rac8 21. Rab1 b6 22. Qa4 Qg4 23. b4 Qe2 24. Qd1 Qa2 25. Qb3 Qxb3 26. Rxb3 Rc2 27. Rf3 f6 28. Bh3 R8c3 29. Rxc3 Rxc3 30. a4 Ra3 31. a5 bxa5 32. bxa5 Rxa5 33. Rb1 Ra1 34. Rxa1 Bxa1 35. Bg4 a5 36. Bd1 Bd4 37. Kg2 Kg8 38. f4 Kf8 39. Kf3 Ke8 40. Kg4 g6 41. fxe5 fxe5 42. Ba4+ Kf7 43. h4 Kf6 44. h5 gxh5+ 45. Kxh5 Be3 46. g4 Bg5 47. Bc6 Kg7 48. Ba4 Kf6 49. Bb5 Ke7 50. Ba4 Kd8 51. Bb5 Kc7 52. Kg6 Kb6 0-1


[Site "https://www.chess.com"]

[Event "Titled Tuesday Blitz November 14 Late 2023"]
[White "Darko-Dimitrijevic"]
[Black "campochess"]
[WhiteElo "2182"]
[BlackElo "2178"]
[Result "0-1"]
[Round "11"]
[TimeControl "180+1"]
[Date "2023.11.14"]
[WhiteClock "0:00:29"]
[BlackClock "0:01:26"]
[Board "85"]

1. c4 e6 2. g3 d5 3. Bg2 c6 4. b3 Nf6 5. Bb2 Be7 6. Nf3 Nbd7 7. O-O O-O 8. d3 a5 9. a3 b5 10. Qc2 Bb7 11. Nc3 Qb6 12. e4 d4 13. Ne2 e5 14. Nh4 g6 15. Bc1 c5 16. Bh6 Rfe8 17. f4 exf4 18. Bxf4 Nh5 19. Bd2 Bxh4 20. gxh4 Ne5 21. Ng3 Nxg3 22. hxg3 Bc8 23. Rf4 bxc4 24. bxc4 Rb8 25. Raf1 Qb3 26. Qxb3 Rxb3 27. Bxa5 Rxa3 28. Bc7 Ra7 29. Bxe5 Rxe5 30. Rb1 Be6 31. Rb5 Ra3 32. Bf1 f5 33. exf5 gxf5 34. h5 Kg7 35. Rb7+ Kh6 36. Bg2 Re3 37. Rb6 Kg5 38. Rf3 Raxd3 39. Rxe6 Rxf3 40. Bxf3 Rxf3 41. Kg2 Rc3 0-1


[Site "https://www.chess.com"]

[Event "Titled Tuesday Blitz November 14 Late 2023"]
[White "Gyulamiryan-koryun"]
[Black "Desideri, Ricardo Maruchi"]
[BlackFideId "2110440"]
[WhiteElo "1908"]
[BlackElo "2006"]
[Result "0-1"]
[Round "11"]
[TimeControl "180+1"]
[Date "2023.11.14"]
[WhiteClock "0:00:10"]
[BlackClock "0:00:39"]
[Board "86"]

1. e4 c5 2. Nf3 d6 3. d4 cxd4 4. Nxd4 Nf6 5. Nc3 a6 6. Be3 e6 7. f3 b5 8. a3 Bb7 9. Qd2 Nbd7 10. O-O-O Rc8 11. Kb1 Be7 12. g4 Nb6 13. Qf2 Nfd7 14. h4 O-O 15. f4 Rxc3 16. bxc3 Na4 17. Ne2 Qc7 18. Bd2 Bxe4 19. Qd4 Bxh1 20. Ng3 e5 21. Qd3 Bb7 22. Nf5 Ndc5 23. Qe3 Bf6 24. g5 exf4 25. Qxf4 Be5 26. Qe3 Ne4 27. c4 Nec3+ 28. Bxc3 Nxc3+ 29. Kc1 Nxd1 30. Kxd1 bxc4 31. h5 Qc6 32. Be2 Qh1+ 33. Kd2 c3+ 34. Kd3 Qd5+ 35. Nd4 Bxd4 36. Qxd4 Qb5+ 37. Ke3 Re8+ 38. Kf4 Qxe2 39. h6 Qf3# 0-1


[Site "https://www.chess.com"]

[Event "Titled Tuesday Blitz November 14 Late 2023"]
[White "Liu, Xiangyi"]
[Black "Zakarian, David"]
[WhiteFideId "8605718"]
[BlackFideId "13301276"]
[WhiteElo "2750"]
[BlackElo "2401"]
[Result "1-0"]
[Round "11"]
[TimeControl "180+1"]
[Date "2023.11.14"]
[WhiteClock "0:00:08"]
[BlackClock "0:00:02"]
[Board "87"]

1. e4 Nc6 2. d4 d5 3. e5 f6 4. f4 Bf5 5. c3 e6 6. Ne2 Nh6 7. Ng3 Be7 8. Nxf5 Nxf5 9. exf6 Bxf6 10. Bd3 O-O 11. O-O Qd6 12. g4 Nfxd4 13. g5 Nf5 14. gxf6 Rxf6 15. Qe1 Raf8 16. Nd2 e5 17. Bxf5 Rxf5 18. Nf3 exf4 19. Qf2 g5 20. h3 h6 21. Bd2 b6 22. Rae1 Ne7 23. Nd4 R5f6 24. Qe2 R8f7 25. Qe5 Qc5 26. Kh2 Ng6 27. Qe8+ Rf8 28. Qd7 R6f7 29. Qe6 Kg7 30. Re2 Rf6 31. Qd7+ R8f7 32. Ne6+ Rxe6 33. Qxe6 f3 34. Ref2 Nh4 35. Qg4 Qd6+ 36. Qg3 Qg6 37. Be3 c5 38. Rd2 Nf5 39. Qe5+ Kh7 40. Rxd5 Nxe3 41. Qxe3 g4 42. Qd3 g3+ 43. Kg1 g2 44. Rf2 Qxd3 45. Rxd3 Re7 46. Rdxf3 Re1+ 47. Kxg2 1-0


[Site "https://www.chess.com"]

[Event "Titled Tuesday Blitz November 14 Late 2023"]
[White "AndresDelgado77"]
[Black "katharinareinecke"]
[WhiteElo "2290"]
[BlackElo "1963"]
[Result "1/2-1/2"]
[Round "11"]
[TimeControl "180+1"]
[Date "2023.11.14"]
[WhiteClock "0:00:08"]
[BlackClock "0:00:06"]
[Board "88"]

1. e4 c6 2. Ne2 d5 3. e5 e6 4. d4 c5 5. c3 Nc6 6. Nd2 Qb6 7. Nf3 Bd7 8. a3 Nh6 9. b4 cxb4 10. axb4 Nf5 11. g4 Nfe7 12. Ng3 g6 13. h4 O-O-O 14. h5 Bg7 15. h6 Bf8 16. Bg5 Re8 17. Bf6 Rg8 18. Ng5 Nxb4 19. cxb4 Qxb4+ 20. Qd2 Nc6 21. Nf3 Qxd2+ 22. Kxd2 Bb4+ 23. Kd3 a5 24. Ng5 b5 25. Nxh7 a4 26. Ng5 Be7 27. h7 Rh8 28. Bxh8 Bxg5 29. Bg7 Nb4+ 30. Ke2 Nc2 31. Rd1 a3 32. h8=Q Rxh8 33. Bxh8 a2 34. Bg2 a1=Q 35. Rxa1 Nxa1 36. Rxa1 b4 37. Rb1 b3 38. Rxb3 Kc7 39. Rc3+ Kb6 40. Kd1 Bb5 41. Kc2 Ba4+ 42. Kb2 Kb5 43. Bf1+ Kb4 44. Bf6 Bd2 45. Be7+ Ka5 46. Ra3 Bc1+ 47. Kxc1 Kb6 48. Rxa4 Kb7 49. Rb4+ Kc6 50. Bd3 Kd7 51. Kd2 Kxe7 52. Kc3 Kf8 53. Rb7 Kg7 54. Rc7 g5 55. Kb4 Kh6 56. Kc5 f6 57. Kd6 fxe5 58. dxe5 d4 59. Re7 1/2-1/2


[Site "https://www.chess.com"]

[Event "Titled Tuesday Blitz November 14 Late 2023"]
[White "claudiuprunescu"]
[Black "Quirke, Jeffrey"]
[BlackFideId "2013029"]
[WhiteElo "2189"]
[BlackElo "2222"]
[Result "0-1"]
[Round "11"]
[TimeControl "180+1"]
[Date "2023.11.14"]
[WhiteClock "0:01:43"]
[BlackClock "0:01:27"]
[Board "89"]

1. e4 e6 2. Qe2 Be7 3. Nf3 d5 4. d3 Nf6 5. Nbd2 c5 6. g3 Nc6 7. Bg2 b6 8. O-O Bb7 9. e5 Nd7 10. Re1 Qc7 11. Nf1 O-O-O 12. h4 h6 13. c3 Rdg8 14. a3 g5 15. b4 g4 16. N3h2 Ncxe5 17. Bf4 Bd6 18. bxc5 bxc5 19. d4 Nf3+ 20. Nxf3 gxf3 21. Bxd6 fxe2 22. Bxc7 exf1=Q+ 23. Rxf1 Kxc7 24. dxc5 Nxc5 25. Rab1 Bc6 26. c4 d4 27. Bxc6 Kxc6 28. Kg2 Rb8 29. Kf3 e5 30. Kg4 e4 31. Kf4 Rxb1 32. Rxb1 Re8 33. g4 e3 34. fxe3 dxe3 35. Re1 Nd3+ 0-1


[Site "https://www.chess.com"]

[Event "Titled Tuesday Blitz November 14 Late 2023"]
[White "Burke, Paul"]
[Black "Vargas, Mauricio"]
[WhiteFideId "2605767"]
[BlackFideId "4404572"]
[WhiteElo "1852"]
[BlackElo "1838"]
[Result "1-0"]
[Round "11"]
[TimeControl "180+1"]
[Date "2023.11.14"]
[WhiteClock "0:00:12"]
[BlackClock "0:00:00"]
[Board "90"]

1. e4 d5 2. d4 dxe4 3. f3 exf3 4. Nxf3 Nf6 5. Bc4 e6 6. O-O Bd6 7. Bg5 O-O 8. Qe2 b6 9. Ne5 Bb7 10. Ng4 Nbd7 11. c3 Be7 12. Nxf6+ Nxf6 13. Nd2 Nd5 14. Bxe7 Qxe7 15. Bd3 Qg5 16. Nf3 Qe3+ 17. Qxe3 Nxe3 18. Rfe1 Ng4 19. h3 Nf6 20. Ne5 Rad8 21. Rad1 Nd5 22. Be4 c6 23. a3 Ne7 24. Nf3 Rd7 25. Ne5 Rc7 26. Nc4 Rd8 27. Ne3 Ng6 28. Bxg6 hxg6 29. Ng4 c5 30. dxc5 Rxd1 31. Rxd1 Rxc5 32. Rd8+ Kh7 33. Rd7 Be4 34. Rxa7 Rg5 35. Kf2 Rf5+ 36. Ke3 Bxg2 37. Nf2 Bd5 38. Ra6 b5 39. Rb6 Bc4 40. Rb7 Kh6 41. Ne4 f6 42. Nd6 Rc5 43. Nxc4 bxc4 44. a4 e5 45. Rb5 Rc7 46. a5 Kh5 47. a6 Ra7 48. Rb6 Kh4 49. Ke4 Kxh3 50. Kd5 Kg4 51. Kxc4 e4 52. Kb5 f5 53. Rb7 1-0